[Event "*** Titled Tuesday Blitz"]
[Site "Chess.com"]
[Date "2020.10.20"]
[Round "5"]
[White "Koalaskakistis"]
[Black "Pavalamalli"]
[Result "0-1"]
[WhiteElo "2453"]
[BlackElo "2307"]
[TimeControl "180+1"]
[EndTime "10:57:46 PDT"]
[Termination "Pavalamalli won on time"]

1. Nf3 c5 2. g3 b6 3. Bg2 Bb7 4.
O-O Nf6 5. a4 Nc6 6. d3 e6 7. e4 d6 8. Nc3 Be7 9. Re1 O-O 10. d4 cxd4 11. Nxd4 Nxd4 12. Qxd4 Rc8 13. b3 d5 14. Bb2 Bc5 15. Qd2 d4 16. Nb5 a6 17. Na3 e5 18. Nc4 Qe7 19. Ba3 Bxa3 20.
Nxa3 Rc5 21. Nc4 Qc7 22. Qb4 b5 23. axb5 axb5 24. Na3 Qb6 25. f3 d3 26. Kh1 dxc2 27. Rac1 Rfc8 28. Re2 Qd6 29. Rcxc2 Rxc2 30. Qxd6 Rxe2 31.
h4 h5 32. Qb6 Rc1+ 33. Kh2 Bc8 34. Qd8+ Kh7 35. Qd3 Rb2 36. Nxb5 Rcc2 37. Qf1 Ba6 38. Kh3 Bxb5 39. Qxb5 Rxg2 40. g4 hxg4+ 41. fxg4 Nxg4 42. Qd7 Nh6 43. h5 Rge2 44. Kh4 Rxb3 0-1

[Event "*** Titled Tuesday Blitz"]
[Site "Chess.com"]
[Date "2020.10.20"]
[Round "5"]
[White "pastouche06"]
[Black "jlmanzanares"]
[Result "1-0"]
[WhiteElo "2464"]
[BlackElo "2244"]
[TimeControl "180+1"]
[EndTime "10:57:46 PDT"]
[Termination "pastouche06 won by resignation"]

1. d4 Nf6 2. c4 g6 3. f3 Bg7 4. e4 d6 5. Ne2 O-O 6. Be3 Nc6 7.
Qd2 a6 8. Nec3 Rb8 9. Be2 e5 10. d5 Nd4 11. Bxd4 exd4 12. Qxd4 Ng4 13. Qd2 Bh6 14.
f4 Qh4+ 15. g3 Qh3 16. Bf1 Qh5 17. Qe2 f5 18. h3 fxe4 19. Nxe4 Bf5 20. Nbc3 Rbe8 21.
Bg2 Bxe4 22. Nxe4 Rxe4 23. Bxe4 Nf6 24. Qxh5 Nxh5 25. Kf2 Nf6 26. Bf3 g5 27. fxg5 Bxg5 28. Rae1 Kg7 29. Re6 Rf7 30. Rhe1 Bd2 31. R1e2 Bb4 32.
Re7 Bc5+ 33. Kg2 h6 34. Rxf7+ Kxf7 35. Bg4 Nxg4 36. hxg4 Bd4 37. b3 Be5 38. Kf3 Kf6 39. Rh2 Kg6 40. Re2 Kf6 41. Kg2 a5 42. Rf2+ Kg6 43.
Rf5 b6 44. Kf3 Bf6 45. Ke4 Kg7 46. Rf1 Kg6 47. Kf3 Be5 48. Re1 Kf6 49. Kg2 Kg6 50. Kh3 Kf6 51. Kh4 Bc3 52. Re6+ Kg7 53. Re7+ Kf6 54.
Rxc7 Be5 55. Rc6 Bd4 56. Rxd6+ Ke5 57. Rxh6 Be3 58. Re6+ Kd4 59. Rxe3 Kxe3 60. d6 1-0

[Event "*** Titled Tuesday Blitz"]
[Site "Chess.com"]
[Date "2020.10.20"]
[Round "5"]
[White "AntonovaNadezhda"]
[Black "ShcufNaiRolf"]
[Result "1-0"]
[WhiteElo "2097"]
[BlackElo "2317"]
[TimeControl "180+1"]
[EndTime "10:57:46 PDT"]
[Termination "AntonovaNadezhda won on time"]

1. d4 d5 2. Nf3 Nf6 3. e3 Bf5 4. c4 c6 5. Nc3 e6 6. Nh4 Bg4 7. Qb3 Qb6 8. h3 Bh5 9. g4 Bg6 10. Nxg6 hxg6 11. Bg2 Nbd7 12. O-O Qc7 13. f4 Be7 14.
Bd2 Ne4 15. Nxe4 dxe4 16. Qc2 f5 17. g5 Kf7 18. b4 Rh5 19. Kf2 Rah8 20. Rh1 b6 21. c5 bxc5 22. dxc5 e5 23. Qc4+ Kf8 24.
Qe6 exf4 25. exf4 Rh4 26. Raf1 Rxf4+ 27. Bxf4 Qxf4+ 28. Kg1 Qe3+ 29. Kh2 Bxg5 30. Qxd7 Bf4+ 31. Rxf4 Qxf4+ 32. Kg1 Qe3+ 33. Kf1 Qc1+ 34. Ke2 Qc2+ 35. Qd2 Qc4+ 36. Ke3 Rh4 37. Qd8+ Kf7 38. Qxh4 Qd3+ 39.
Kf4 e3 40. Rf1 e2 41. Re1 Qd2+ 42. Kf3 Qd3+ 43. Kf2 g5 44. Qg4 1-0

[Event "*** Titled Tuesday Blitz"]
[Site "Chess.com"]
[Date "2020.10.20"]
[Round "5"]
[White "dpopadic"]
[Black "GothamChess"]
[Result "1/2-1/2"]
[WhiteElo "2392"]
[BlackElo "2614"]
[TimeControl "180+1"]
[EndTime "10:57:47 PDT"]
[Termination "Game drawn by repetition"]

1. e4 c6 2. d4 d5 3. Nd2 dxe4 4. Nxe4 Nf6 5. Ng3 h5 6. h3 h4 7. N3e2 Bf5 8. Nf3 e6 9. c3 Ne4 10. Nf4 Nd7 11. Bd3 Ndf6 12. Qe2 Qc7 13. Ne5 O-O-O 14. Ng4 Bd6 15. Nxf6 Nxf6 16. Qf3 Qb6 17. Bxf5 exf5 18. O-O g6 19. Nd3 Ne4 20. Bf4 Qc7 21. Bxd6 Qxd6 22. Rad1 Qf6 23. Nc5 Nxc5 24. dxc5 Qe5 25. b4 Rhe8 26.
a4 a6 27. Rxd8+ Rxd8 28. Rd1 Rxd1+ 29. Qxd1 Qxc3 30. Qd6 Qe1+ 31. Kh2 Qe6 32. Qf8+ Kc7 33. Kg1 g5 34. Qg7 g4 35. hxg4 fxg4 36. Qg5 Qe1+ 37.
Kh2 Qxb4 38. Qe5+ Kc8 39. Qe8+ Kc7 40. Qe5+ Kd7 41. Qf5+ Ke7 42. Qe5+ Kd8 43. Qd6+ Ke8 44. Qe5+ Kd7 45. Qd6+ Kc8 46. Qf8+ Kc7 47. Qd6+ Kc8 48. Qf8+ Kd7 49. Qd6+ Ke8 50. Qe5+ Kf8 51. Qh8+ Ke7 52.
Qe5+ Kf8 53. Qh8+ Ke7 54. Qe5+ 1/2-1/2

[Event "*** Titled Tuesday Blitz"]
[Site "Chess.com"]
[Date "2020.10.20"]
[Round "5"]
[White "Resignify"]
[Black "pedro_nascimento85"]
[Result "1-0"]
[WhiteElo "2244"]
[BlackElo "1998"]
[TimeControl "180+1"]
[EndTime "10:57:47 PDT"]
[Termination "Resignify won by checkmate"]

1. e4 e6 2. d3 c5 3. Nd2 Nc6 4. Ngf3 g6 5. g3 Bg7 6. Bg2 Nge7 7. O-O d6 8. Re1 e5 9. a4 O-O 10. Nc4 Be6 11. Ng5 Bxc4 12. dxc4 h6 13. Nf3 Nd4 14. c3 Nxf3+ 15. Bxf3 f5 16. exf5 Nxf5 17. Bxb7 Rb8 18. Be4 Qc7 19. Re2 Kh7 20. a5 a6 21. Be3 Nxe3 22.
fxe3 Rf7 23. Rd2 Rd8 24. Qg4 Rf6 25. h4 h5 26. Qxh5+ Kg8 27. Bxg6 Kf8 28. Qg5 Qe7 29. Rf2 Rxf2 30. Kxf2 Qxg5 31. hxg5 Ke7 32. Be4 Rb8 33. Ra2 Bf8 34. Kf3 Ke6 35. Bd5+ Ke7 36. Kg4 Bg7 37. Kh5 Rh8+ 38. Kg6 Bf8 39. b4 cxb4 40.
cxb4 Rh3 41. Rg2 Rh1 42. Rf2 Rb1 43. Rf7+ Ke8 44. Bc6+ Kd8 45. Rxf8+ Kc7 46. b5 axb5 47. cxb5 Ra1 48. Rf7+ Kc8 49. b6 Rxa5 50. Rf8# 1-0

[Event "*** Titled Tuesday Blitz"]
[Site "Chess.com"]
[Date "2020.10.20"]
[Round "5"]
[White "JoachimMouhamad"]
[Black "WonderChampion"]
[Result "1-0"]
[WhiteElo "2308"]
[BlackElo "2042"]
[TimeControl "180+1"]
[EndTime "10:57:48 PDT"]
[Termination "JoachimMouhamad won by resignation"]

1. e4 c5 2. Nf3 g6 3. d4 cxd4 4. Nxd4 Nc6 5. c4 Bg7 6. Be3 Nf6 7. Nc3 O-O 8. Be2 d6 9. O-O Bd7 10. Rc1 Rc8 11. b3 b6 12. f3 Qc7 13. Qd2 Nxd4 14. Bxd4 Bc6 15. Rfd1 Bb7 16. Nd5 Nxd5 17. Bxg7 Kxg7 18. exd5 Qd7 19. Qd4+ Kg8 20. Bd3 Ba6 21. Re1 b5 22. c5 dxc5 23. Rxc5 Rxc5 24. Qxc5 e6 25.
Qc6 Qxd5 26. Qxd5 exd5 27. Re7 Rc8 28. Kf2 Rc3 29. Ke2 Bc8 30. Kd2 Rc5 31. b4 Rc6 32. Rxa7 Ra6 33. Rxa6 Bxa6 34. a4 Kf8 35. Bxb5 Bb7 36. Kd3 Ke7 37. Kd4 Kd6 38. Bd3 f6 39. b5 Kc7 40. a5 Kd6 41. h4 f5 42. g3 Ba8 43. a6 h5 44. f4 Kc7 45. Kc5 Kc8 46.
b6 Kb8 47. Bb5 d4 48. Kxd4 Be4 49. Kc5 Ka8 50. Bc6+ Bxc6 51. Kxc6 Kb8 52. b7 Ka7 53. Kc7 Kxa6 54. b8=Q Ka5 55. Kc6 Ka4 56. Kc5 1-0

[Event "*** Titled Tuesday Blitz"]
[Site "Chess.com"]
[Date "2020.10.20"]
[Round "5"]
[White "SHIVACalypso"]
[Black "Vandros57"]
[Result "1-0"]
[WhiteElo "2327"]
[BlackElo "2185"]
[TimeControl "180+1"]
[EndTime "10:57:48 PDT"]
[Termination "SHIVACalypso won on time"]

1. Nf3 d5 2. c4 e6 3. g3 Nf6 4.
Bg2 c5 5. cxd5 exd5 6. d4 Nc6 7.
O-O Be7 8. a3 Be6 9. dxc5 Bxc5 10. b4 Bb6 11. Bb2 O-O 12. Nbd2 Ne4 13. Nb3 Qd7 14.
Nfd4 Bh3 15. Rc1 Rac8 16. Nxc6 Rxc6 17. e3 Bxg2 18. Kxg2 Rh6 19. h4 g5 20. h5 g4 21.
Rh1 Qf5 22. Qe2 Rxh5 23. Rxh5 Qxh5 24. Rh1 Qf5 25. Bd4 Bxd4 26. Nxd4 Qg6 27. Rh4 h5 28.
Qf1 Rc8 29. f3 Nf6 30. Qe2 Qb1 31. fxg4 hxg4 32. Rxg4+ Kf8 33. Rh4 Rc1 34. Qf2 Rd1 35. Qxf6 Rg1+ 36. Kh3 Rh1+ 37. Kg4 Qe4+ 38. Kg5 Rxh4 39.
gxh4 Qg2+ 40. Kf4 Qf2+ 41. Kg4 Qg2+ 42. Kh5 Qh3 43. Qg5 Qd7 44. Qh6+ 1-0

[Event "*** Titled Tuesday Blitz"]
[Site "Chess.com"]
[Date "2020.10.20"]
[Round "5"]
[White "Trickov"]
[Black "MuhittinBuker"]
[Result "1-0"]
[WhiteElo "2340"]
[BlackElo "2097"]
[TimeControl "180+1"]
[EndTime "10:57:49 PDT"]
[Termination "Trickov won on time"]

1. d4 Nf6 2. Nf3 e6 3. g3 d5 4. Bg2 Be7 5. c4 O-O 6. O-O dxc4 7. Na3 Bxa3 8. bxa3 Nc6 9. a4 Rb8 10. Ba3 Re8 11.
Rc1 b6 12. Rxc4 Ne7 13. Qc2 c6 14. Ne5 Ba6 15. Bxe7 Qxe7 16. Nxc6 Qd6 17. Nxb8 Bxc4 18. Qxc4 Rxb8 19. Rc1 Rd8 20. e3 g6 21. Qc7 Qxc7 22. Rxc7 Rd7 23. Rc8+ Kg7 24. Bc6 Re7 25. Kg2 h5 26. h4 Ng4 27. e4 Kf6 28. f3 Ne3+ 29. Kf2 Nc2 30. d5 exd5 31. Bxd5 Nb4 32. Bb3 Nd3+ 33. Ke3 Nc5 34. Rc6+ Kg7 35. a5 Nxb3 36.
axb3 bxa5 37. Kd4 Rb7 38. Kc3 Kf8 39. Ra6 Ke7 40. Rxa5 Kd7 41. b4 Kc7 42. Kc4 Kb6 43.
Rb5+ Kc6 44. Rc5+ Kd6 45. b5 Kd7 46. Rc6 Ke7 47. Rc5 Rd7 48. Rd5 Rc7+ 49. Kd4 1-0

[Event "*** Titled Tuesday Blitz"]
[Site "Chess.com"]
[Date "2020.10.20"]
[Round "5"]
[White "chito89"]
[Black "ChessWarrior7197"]
[Result "0-1"]
[WhiteElo "2811"]
[BlackElo "3015"]
[TimeControl "180+1"]
[EndTime "10:57:50 PDT"]
[Termination "ChessWarrior7197 won on time"]

1. c4 b6 2. Nc3 Bb7 3. d4 e6 4. a3 f5 5. Nf3 Nf6 6. Bf4 Be7 7. e3 O-O 8. h3 Qe8 9. Bd3 d6 10. Bh2 Nbd7 11. Qc2 c5 12. d5 exd5 13. cxd5 g6 14. O-O-O a6 15. e4 fxe4 16. Nxe4 Nxe4 17. Bxe4 Qf7 18.
Rhe1 c4 19. Nd4 Nc5 20. Nc6 Bg5+ 21. Kb1 Bf4 22. Bxf4 Qxf4 23. Bxg6 Qf6 24. Bxh7+ Kh8 25. g4 Rae8 26. Bf5 b5 27. Qd2 Bc8 28. Bxc8 Rxc8 29. Ne7 Rce8 30. Nf5 Nd3 31. Rxe8 Rxe8 32. Qc3 Qxc3 33.
bxc3 Nxf2 34. Rd4 Ne4 35. Kc2 Kh7 36. h4 Kg6 37. a4 Kf6 38. axb5 axb5 39. Kb2 Re5 40. h5 Kg5 41. h6 Kg6 42. Rd1 Nf2 43. Rf1 Nd3+ 44. Kc2 Re2+ 45. Kd1 Ra2 46. Nxd6 b4 47.
Nxc4 bxc3 0-1

[Event "*** Titled Tuesday Blitz"]
[Site "Chess.com"]
[Date "2020.10.20"]
[Round "5"]
[White "manitodeplomo"]
[Black "MashaFromRussia"]
[Result "1-0"]
[WhiteElo "2669"]
[BlackElo "2412"]
[TimeControl "180+1"]
[EndTime "10:57:50 PDT"]
[Termination "manitodeplomo won by checkmate"]

1. d4 Nf6 2. c4 g6 3. Nc3 Bg7 4. e4 d6 5. Be2 O-O 6. Nf3 e5 7. d5 Nbd7 8. Bg5 a5 9. Nd2 h6 10. Bh4 Nc5 11. O-O b6 12. Qc2 Bd7 13. b3 Qe8 14. a3 Nh7 15. b4 Na4 16. Nb5 f5 17. f3 g5 18. Bf2 f4 19. Qxa4 h5 20. Qd1 Rc8 21. bxa5 bxa5 22. Na7 Ra8 23. c5 g4 24. c6 g3 25. cxd7 gxf2+ 26. Rxf2 Qxd7 27. Nc6 h4 28. Rb1 h3 29. Kh1 Ng5 30. gxh3 Qxh3 31. Rg2 Bf6 32. Qg1 Qh5 33. Rg4 Kf7 34. Qg2 Rh8 35.
Rg1 Rag8 36. a4 Rg7 37. Nxa5 Rhh7 38. Nab3 Nh3 39. Rf1 Bd8 40. a5 Kf6 41. a6 c6 42.
dxc6 Bb6 43. Nc4 Nf2+ 44. Rxf2 Bxf2 45. Qxf2 Rxg4 46. fxg4 Qh3 47. Bf3 Ra7 48. Nxd6 Rxa6 49. g5+ Kg6 50. Qg2 Qe6 51. Qg4 Qxb3 52. Qf5+ Kg7 53.
Qxe5+ Kg8 54. Qe8+ Kg7 55. Nf5+ Kh7 56. g6# 1-0

[Event "*** Titled Tuesday Blitz"]
[Site "Chess.com"]
[Date "2020.10.20"]
[Round "5"]
[White "RestartingChess"]
[Black "ItsCheckM8Mate"]
[Result "0-1"]
[WhiteElo "2511"]
[BlackElo "2378"]
[TimeControl "180+1"]
[EndTime "10:57:50 PDT"]
[Termination "ItsCheckM8Mate won by checkmate"]

1. e4 e5 2. Nf3 Nc6 3. Bc4 Nf6 4. d3 h6 5. h3 d6 6. Nc3 g6 7. Nd5 Bg7 8. c3 O-O 9. Be3 Na5 10. Bb3 Nxb3 11.
Qxb3 c6 12. Nxf6+ Qxf6 13. c4 a5 14. a4 Kh7 15. Nh2 Qe7 16. O-O Be6 17. f4 exf4 18.
Bxf4 Rad8 19. Rae1 Qh4 20. Qc2 d5 21. cxd5 cxd5 22. e5 Rc8 23. Qd2 g5 24. Be3 Qxa4 25.
Nf3 Qc2 26. Nd4 Qc7 27. h4 Bxe5 28. hxg5 hxg5 29. Nf3 f6 30. d4 Bg3 31. Qd3+ Kg7 32. Re2 Rh8 33. Bxg5 fxg5 34. Rxe6 Bh2+ 35. Kf2 Qg3+ 36.
Ke2 Qxg2+ 37. Rf2 Qg4 38. Qg6+ Kf8 39. Rf6+ Ke7 40. Qf7+ Kd8 41. Rd6+ Bxd6 42. Qf6+ Be7 43. Ke3 Bxf6 44. Ne5 Qe4+ 45. Kd2 Rc2+ 46. Kd1 Rxf2 47.
Nf7+ Ke7 48. Nxg5 Qb1# 0-1

[Event "*** Titled Tuesday Blitz"]
[Site "Chess.com"]
[Date "2020.10.20"]
[Round "5"]
[White "Sibelephant"]
[Black "GalperinPlaton"]
[Result "1-0"]
[WhiteElo "3100"]
[BlackElo "2822"]
[TimeControl "180+1"]
[EndTime "10:57:51 PDT"]
[Termination "Sibelephant won on time"]

1. c4 e5 2. Nc3 Bb4 3. Qc2 Nf6 4.
Nf3 Qe7 5. a3 Bxc3 6. Qxc3 Nc6 7. d4 Ne4 8. Qe3 exd4 9. Nxd4 O-O 10. g3 Re8 11. b4 a5 12. b5 Nxd4 13. Qxd4 c5 14. Qe3 d5 15. cxd5 Bd7 16. Bb2 Bxb5 17.
f3 Nd6 18. Qxe7 Rxe7 19. Rc1 f5 20. Rxc5 Bc4 21. Kf2 Rae8 22. e4 Bxf1 23. Rxf1 Rxe4 24. Rc2 Rc4 25. Rfc1 b5 26. Bc3 a4 27. Bb4 Rxc2+ 28. Rxc2 Nc4 29. d6 Rd8 30. Rc3 Kf7 31. Rc1 Nxd6 32. Rc7+ Ke6 33. Rxg7 Nc4 34. Rxh7 Rd3 35.
Rh6+ Kd5 36. g4 Ne5 37. Rd6+ Kc4 38. g5 Rxf3+ 39. Kg2 Rf4 40. h3 Re4 41. g6 Re2+ 42. Kg3 Re3+ 43. Kf4 Re4+ 44. Kxf5 Re2 45. g7 Nf7 46.
g8=Q 1-0

[Event "*** Titled Tuesday Blitz"]
[Site "Chess.com"]
[Date "2020.10.20"]
[Round "5"]
[White "orestn"]
[Black "Me_ch_an"]
[Result "0-1"]
[WhiteElo "2425"]
[BlackElo "2345"]
[TimeControl "180+1"]
[EndTime "10:57:51 PDT"]
[Termination "Me_ch_an won by resignation"]

1. e4 c5 2. Nf3 Nc6 3. d4 cxd4 4. Nxd4 Qb6 5. Nb3 Nf6 6. Nc3 e6 7. a3 a6 8. Bd3 Be7 9. Qe2 d6 10. g4 O-O 11. g5 Nd7 12. Rg1 Qc7 13. Rg3 Re8 14.
f4 b5 15. Bd2 Bf8 16. Rh3 g6 17. Qg4 b4 18. axb4 Nxb4 19. Qh4 h6 20. gxh6 Kh7 21.
Nd4 Nxd3+ 22. cxd3 Be7 23. Qg3 Rg8 24. Nf3 Rb8 25. Bc1 Nc5 26. Ng5+ Bxg5 27. fxg5 Nb3 28. Qf2 Nxc1 29. Rxc1 Qe7 30. Rg3 Bd7 31. h4 a5 32. Rf3 Rgf8 33. Qd4 e5 34. Nd5 exd4 35. Nxe7 Rxb2 36. Nd5 Be6 37. Nf6+ Kh8 38. Rf2 Rxf2 39. Kxf2 a4 40. Nd5 a3 41. Ra1 Bxd5 42. exd5 Ra8 43.
Kf3 Kg8 44. Ke4 Ra4 45. Ra2 Kh7 46. Kf4 Kg8 47. Kf3 Kh7 48. Ke2 f5 49. Kd2 Kg8 50. Kc2 Kh7 51. Kb3 Ra7 52. Kc4 Ra4+ 53. Kb5 Ra8 54.
Kc6 Ra6+ 55. Kd7 f4 56. Ke6 f3 57. Rxa3 Rxa3 58. Kxd6 f2 59. Kc6 f1=N 60. d6 Ne3 61. d7 Ra8 62. Kc7 Nf5 63. h5 Rf8 64. d8=Q Rxd8 65.
Kxd8 gxh5 66. Kd7 Kg6 67. Ke6 h4 68. h7 Kxh7 69. Kxf5 h3 70. Kf6 Kg8 71. Ke5 h2 72.
Kxd4 h1=Q 73. Ke5 Kg7 0-1

[Event "*** Titled Tuesday Blitz"]
[Site "Chess.com"]
[Date "2020.10.20"]
[Round "5"]
[White "sbouchet"]
[Black "HrvojeZagreb"]
[Result "1/2-1/2"]
[WhiteElo "2413"]
[BlackElo "2203"]
[TimeControl "180+1"]
[EndTime "10:57:52 PDT"]
[Termination "Game drawn by repetition"]

1. e4 e6 2. d4 d5 3. Nd2 dxe4 4. Nxe4 Nd7 5. Nf3 Ngf6 6. Bd3 b6 7. O-O Bb7 8. Qe2 Be7 9. b3 O-O 10. Bb2 Nxe4 11.
Bxe4 Bxe4 12. Qxe4 Nf6 13. Qe2 a5 14. a4 Qd5 15.
Rfe1 Rfd8 16. c4 Qh5 17. Ne5 Qxe2 18. Rxe2 c5 19. Nc6 Rd7 20. Nxe7+ Rxe7 21. d5 Rae8 22. Rae1 Kf8 23. Be5 Rd7 24. Bxf6 gxf6 25. f4 Rde7 26.
dxe6 Rxe6 27. Kf2 f5 28. Rxe6 fxe6 29. Rd1 Ke7 30. Kg3 Rg8+ 31. Kh3 Rg7 32. g3 Rg8 33. Kh4 Rg6 34. Kh5 Rf6 35. h3 Rg6 36. g4 fxg4 37. hxg4 Rf6 38. Kg5 h6+ 39. Kh5 Rxf4 40. Rg1 Rf3 41.
Kxh6 Rxb3 42. Kg7 Rb4 43. g5 Rxc4 44. g6 Rh4 45. Kg8 c4 46. g7 c3 47. Rg3 c2 48.
Rc3 Rh2 49. Rc7+ Kd6 50. Rc8 Kd7 51. Rc3 Ke7 52. Rc7+ Kd6 53. Rc8 Kd7 54. Rc3 Ke7 1/2-1/2

[Event "*** Titled Tuesday Blitz"]
[Site "Chess.com"]
[Date "2020.10.20"]
[Round "5"]
[White "mishanick"]
[Black "vladislavkovalev"]
[Result "1-0"]
[WhiteElo "3000"]
[BlackElo "2848"]
[TimeControl "180+1"]
[EndTime "10:57:53 PDT"]
[Termination "mishanick won by resignation"]

1. d4 Nf6 2. c4 g6 3. Nc3 Bg7 4. e4 d6 5. Be2 O-O 6. Be3 e5 7.
d5 a5 8. g4 Na6 9. g5 Nd7 10.
h4 Ndc5 11. Nf3 Bg4 12. Nh2 Bxe2 13. Qxe2 Nb4 14. Rd1 a4 15. Bxc5 dxc5 16. a3 Na6 17. Nxa4 f5 18. Nc3 Nb8 19. Nf3 Nd7 20. h5 Nb6 21. hxg6 hxg6 22. Qd3 Nc8 23. Qe3 Nd6 24. Nh4 fxe4 25. Nxe4 Nxe4 26. Qxe4 Qxg5 27. Qxg6 Qxg6 28. Nxg6 Rf6 29. Rg1 Re8 30. Rd3 e4 31. Rdg3 Rf7 32.
Nf4 Kh7 33. Ne6 Bh6 34. Rh3 Rf6 35. Rg4 Rg8 36. Rxe4 Rg1+ 37. Ke2 Kg6 38. Rg3+ Rxg3 39. fxg3 Bc1 40. b3 Bxa3 41. Nxc7 Rf8 42. Ne6 Rh8 43. Kf3 Kf6 44. d6 Rh7 45. Nf4 Rd7 46. Re6+ Kf5 47. g4+ Kg5 48. Rg6+ Kh4 49. Ke4 Bc1 50. Nd3 Bg5 51.
Ne5 1-0

[Event "*** Titled Tuesday Blitz"]
[Site "Chess.com"]
[Date "2020.10.20"]
[Round "5"]
[White "Brave_spirit12"]
[Black "QuintilianoR"]
[Result "0-1"]
[WhiteElo "2472"]
[BlackElo "2655"]
[TimeControl "180+1"]
[EndTime "10:57:53 PDT"]
[Termination "QuintilianoR won by resignation"]

1. e4 c5 2. c3 Nf6 3. e5 Nd5 4. d4 cxd4 5. Nf3 e6 6. cxd4 d6 7. Nc3 Nc6 8. Bd3 dxe5 9. dxe5 Ndb4 10. Be4 Qxd1+ 11. Nxd1 Bd7 12. a3 Nd5 13. Ne3 Nxe3 14. Bxe3 Be7 15. O-O-O O-O-O 16. Kb1 Kb8 17. Rd2 Na5 18.
Rhd1 Bc6 19. Rxd8+ Rxd8 20. Rxd8+ Bxd8 21. Bxc6 Nxc6 22. Kc2 h6 23. Kd3 Kc7 24. b4 a6 25. Ke4 Kd7 26. Nd2 Bc7 27. f4 Ne7 28. g4 Nd5 29. Nc4 Kc6 30. Bc5 g6 31. Bd6 b5 32. Bxc7 bxc4 33.
Bd6 Kb5 34. f5 Ka4 35. Bf8 h5 36. gxh5 gxh5 37. Kd4 Kb3 38. a4 Nxb4 39. fxe6 fxe6 40. Kc5 c3 41. Kb6 Nd3 42. Bh6 Kxa4 43. Kxa6 Nxe5 44. Kb6 Kb4 45. Kc7 Kc5 46. Be3+ Kd5 47. Kd8 Nd3 48. Ke7 Ke4 49. Bg5 e5 50. Kf6 Nf4 51. Bxf4 exf4 52. Kg5 0-1

[Event "*** Titled Tuesday Blitz"]
[Site "Chess.com"]
[Date "2020.10.20"]
[Round "5"]
[White "Srisshhhtea"]
[Black "Natalya_Buksa"]
[Result "0-1"]
[WhiteElo "2253"]
[BlackElo "2553"]
[TimeControl "180+1"]
[EndTime "10:57:53 PDT"]
[Termination "Natalya_Buksa won by resignation"]

1. d4 d5 2. c4 e6 3. Nf3 Nf6 4. g3 Be7 5. Bg2 O-O 6. O-O dxc4 7. Nbd2 c5 8. dxc5 Bxc5 9. Nxc4 Qe7 10. Bf4 Rd8 11. Qc2 Nc6 12. Rad1 Nd5 13. Bg5 f6 14. Bc1 Bd7 15. a3 a5 16. e4 Nb6 17. e5 Nxc4 18.
exf6 gxf6 19. Qxc4 b5 20. Qxb5 Nd4 21. Qb7 Ne2+ 22. Kh1 Nxc1 23. Rxc1 Rab8 24. Qc7 Rdc8 25. Qxa5 Rxb2 26. Kg1 Bb5 27. Qc3 Re2 28. Kh1 Ba6 29. Nd4 Ra2 30. Nc6 Rxc6 31. Bxc6 Bxf1 32. Qxc5 Qxc5 33.
Rxc5 Ra1 34. h4 Kf7 35. Kh2 Ke7 36. Bf3 Rxa3 37. Bg2 Bxg2 38. Kxg2 Kd6 39. Rh5 Ra7 40. Rh6 Ke5 41. Rh5+ f5 42. Rg5 Re7 43. Rg8 Ke4 44. Ra8 Rd7 45. Ra4+ Ke5 46. Ra7 Rxa7 47. Kh3 f4 48. g4 Ra3+ 49. Kg2 Ke4 50. g5 f3+ 51. Kg3 Ra1 52. h5 Rg1+ 53. Kh3 Rxg5 54. h6 Rg6 55. Kh4 Kd3 56. Kh5 Ke2 57. Kh4 Kxf2 58. Kh5 Ke3 59. Kh4 0-1

[Event "*** Titled Tuesday Blitz"]
[Site "Chess.com"]
[Date "2020.10.20"]
[Round "5"]
[White "TheMagnet"]
[Black "BocharovD"]
[Result "1/2-1/2"]
[WhiteElo "2591"]
[BlackElo "2798"]
[TimeControl "180+1"]
[EndTime "10:57:54 PDT"]
[Termination "Game drawn by repetition"]

1. d4 Nf6 2. c4 e6 3. Nc3 Bb4 4. f3 O-O 5. a3 Bxc3+ 6. bxc3 Nh5 7. Nh3 f5 8. Nf2 d6 9. e4 fxe4 10. fxe4 Qe8 11. g3 e5 12. Bg2 Nc6 13. O-O Nf6 14. Be3 b6 15. Re1 Na5 16. c5 Nc4 17. Qb3 Be6 18.
d5 Nxe3 19. Rxe3 Ng4 20. Nxg4 Bxg4 21. c6 Qh5 22. Qc2 Bh3 23. Qe2 Qh6 24. Bxh3 Qxh3 25.
Rf1 Rxf1+ 26. Qxf1 Qg4 27. Qf3 Qg5 28. Re1 Rf8 29.
Qe3 Qf6 30. Qe2 Qf3 31. a4 Qxc3 32. Rf1 Qd4+ 33. Kg2 Rxf1 34. Kxf1 Qxa4 35. Qg4 Qa6+ 36. Kg2 g6 37. Qe6+ Kg7 38. Qe7+ Kh6 39. Qh4+ Kg7 40.
Qe7+ Kh6 41. Qxc7 Qe2+ 42. Kg1 Qe3+ 43. Kf1 Qf3+ 44. Kg1 Qe3+ 45. Kf1 Qxe4 46. Qxd6 Qh1+ 47. Kf2 Qxh2+ 48. Kf1 Qh1+ 49. Ke2 Qg2+ 50. Kd1 Qf3+ 51. Kc2 Qe2+ 52. Kc1 Qc4+ 53. Kd1 Qd3+ 54. Kc1 Qc3+ 55. Kb1 Qb3+ 56. Ka1 Qc3+ 57. Kb1 Qb3+ 58. Ka1 Qc3+ 59.
Kb1 1/2-1/2

[Event "*** Titled Tuesday Blitz"]
[Site "Chess.com"]
[Date "2020.10.20"]
[Round "5"]
[White "UmarovSabir"]
[Black "vaishali2001"]
[Result "0-1"]
[WhiteElo "2348"]
[BlackElo "2585"]
[TimeControl "180+1"]
[EndTime "10:57:54 PDT"]
[Termination "vaishali2001 won by checkmate"]

1. e4 c5 2. a3 g6 3. Nf3 Bg7 4.
Bc4 Nc6 5. O-O e6 6. Re1 Nge7 7.
Nc3 O-O 8. d3 d5 9. Ba2 b6 10. Bg5 d4 11. Ne2 h6 12. Bd2 e5 13.
h3 Kh8 14. Ng3 Qd6 15. Qc1 Kh7 16. Nh2 f5 17. exf5 gxf5 18. Nh5 Qg6 19. Nxg7 Qxg7 20.
Kh1 Bb7 21. Rg1 Rf6 22. Qd1 Rg6 23. f3 f4 24. Qe2 Nf5 25. Nf1 Nce7 26. Qf2 Rf8 27. Re1 Qf6 28. Re4 a5 29. Qe2 Rg5 30. b4 axb4 31. axb4 Ng6 32. bxc5 bxc5 33. Be1 Rh5 34.
Kh2 Bc6 35. Bc4 Ra8 36. Bf2 Ra1 37. Nd2 Ra7 38. Nf1 Rg7 39. Bb3 Ne3 40. Bxe3 fxe3 41. Rg4 Nf4 42. Rxg7+ Qxg7 43. Qe1 Bd7 44. Bc4 Bxh3 45. g4 Bxg4+ 46. Kg3 Rh3# 0-1

[Event "*** Titled Tuesday Blitz"]
[Site "Chess.com"]
[Date "2020.10.20"]
[Round "5"]
[White "igorkovalenko"]
[Black "fm_magua"]
[Result "1/2-1/2"]
[WhiteElo "2806"]
[BlackElo "2597"]
[TimeControl "180+1"]
[EndTime "10:57:57 PDT"]
[Termination "Game drawn by repetition"]

1. e4 c5 2. Nf3 Nc6 3. Bb5 g6 4. O-O Bg7 5. c3 Nf6 6. Re1 O-O 7. h3 e5 8. d4 cxd4 9. cxd4 Nxd4 10. Nxd4 exd4 11.
Qxd4 d5 12. e5 Ne8 13. Nc3 Nc7 14. Ba4 a6 15. Bb3 b5 16. f4 Bb7 17. Qb6 Rb8 18. Be3 Ne6 19. Qxd8 Rfxd8 20. Ba7 Rbc8 21. Bb6 Rd7 22. g3 Bf8 23. Red1 d4 24. Bxe6 fxe6 25.
Rxd4 Rxd4 26. Bxd4 b4 27. Ne2 Rc2 28. Kf2 Bd5 29.
Rc1 Rxc1 30. Nxc1 a5 31. b3 Bc6 32. Nd3 a4 33. bxa4 Bxa4 34. Bc5 Bb5 35. Bxf8 Bxd3 36. Bxb4 Kf7 37. Ke3 Bc2 38. Kd4 Ke8 39. Kc5 Kd7 40. Kb6 h5 41. g4 hxg4 42. hxg4 Bd1 43. g5 Bc2 44. a3 Bd1 45. Bd6 Bc2 46. Bc5 Bd1 47. Be3 Bc2 48. Kb5 Bd3+ 49. Kb4 Kc6 50.
a4 Be2 51. a5 Bd3 52. Kc3 Ba6 53. f5 exf5 54. Kd4 Bc8 55. Kc4 Ba6+ 56. Kd4 Bc8 57. Bf4 Be6 58. a6 Kb6 59. a7 Kxa7 60. Kc5 Kb7 61. Kd6 Bc4 62. e6 Kc8 63. Ke7 Bd5 64. Be3 Bc4 65. Bd2 Bd5 66. Kd6 Bb3 67. Be3 Kd8 68.
Ke5 Ke8 69. Kf6 Bc4 70. Bf4 Bd5 71. Bd6 Bc4 72. e7 Bf7 73. Bc5 f4 74. Ke5 f3 75.
Ke4 Be6 76. Kxf3 Bf5 77. Kf4 Bc2 78. Ke5 Bb1 79. Kf6 Bc2 80. Ke6 Bb1 81. Kf6 Bc2 82.
Ke6 Bb1 83. Kf6 1/2-1/2

[Event "*** Titled Tuesday Blitz"]
[Site "Chess.com"]
[Date "2020.10.20"]
[Round "5"]
[White "Astaneh"]
[Black "MF1966Idrisov"]
[Result "1-0"]
[WhiteElo "2521"]
[BlackElo "2339"]
[TimeControl "180+1"]
[EndTime "10:57:57 PDT"]
[Termination "Astaneh won on time"]

1. e4 c5 2. Nf3 Nc6 3. c3 d5 4.
exd5 Qxd5 5. d4 cxd4 6. cxd4 e6 7. Nc3 Bb4 8. Bd3 Nf6 9. O-O Bxc3 10. bxc3 O-O 11.
Re1 b6 12. Bg5 Bb7 13. c4 Qd7 14. d5 exd5 15. Bxf6 gxf6 16. Nh4 Ne5 17. Bxh7+ Kxh7 18. Rxe5 fxe5 19. Qh5+ Kg8 20. Qg5+ Kh8 21. Qh5+ Kg8 22. Qg5+ Kh8 23. Qf6+ Kh7 24. Nf5 Qxf5 25. Qxf5+ Kg7 26.
Qxe5+ f6 27. Qg3+ Kh6 28. cxd5 Bxd5 29. Rd1 Rae8 30. h3 Re5 31. Rd4 Rg5 32. Rh4+ Kg6 33. Rg4 Rd8 34. h4 Rxg4 35. Qxg4+ Kf7 36. Qd4 Rd7 37. Qd2 Bc6 38. Qc2 Bd5 39. Qh7+ Ke6 40. Qg8+ Ke5 41. Qe8+ Kd6 42. Qf8+ Ke6 43. h5 Rc7 44. h6 Rc1+ 45. Kh2 Rc2 46. h7 Rxf2 47. Qg8+ Ke5 48. Qg3+ Rf4 49. h8=Q 1-0